Map: New Repugnancy LE

Players

OGZest (Zest)

  • Race: Protoss Protoss
  • Spawn Location: 7:00

Serral - Winner!

  • Race: Zerg Zerg
  • League: Grandmaster
  • Spawn Location: 1:00

Event: 2019 Assembly Summer

VOD

Have the link to the VOD?

Description

Time

  • Played on: Aug. 2, 2019, 11:33 a.m.
  • Length: 8:17

All games in this series

Show
View Real Time Build Order
Export as new Build Order

OGZest Protoss 

Build Orders: 1 Gate Expand, Zealot Archon, Archon Drop, Dark Templar Rush 

Get SALT Encoding   

  12  0:00  Probe  
  13  0:12  Probe  
  14  0:17  Pylon  
  14  0:24  Probe  
  15  0:32  Probe  
  15  0:38  Gateway  
  15  0:40  Probe  
  16  0:48  Assimilator  
  17  0:51  Probe  
  18  1:03  Probe  
  19  1:15  Probe  
  20  1:25  Cybernetics Core  
  20  1:34  Nexus  
  20  1:38  Probe  
  21  1:46  Pylon  
  21  1:50  Probe  
  21  1:52  Assimilator  
  22  1:54  Adept  
  22  2:02  Probe  
  22  2:05  Warp Gate  
  25  2:14  Probe, Adept  
  26  2:26  Probe  
  29  2:37  Twilight Council  
  29  2:38  Probe  
  30  2:46  Stalker  
  32  2:51  Probe x2  
  34  3:00  Robotics Facility  
  34  3:03  Probe x2  
  36  3:16  Probe x2  
  38  3:25  Dark Shrine  
  38  3:28  Probe x2  
  40  3:36  Gateway  
  40  3:39  Warp Prism  
  40  3:42  Gateway  
  40  3:43  Gateway  
  40  3:45  Probe x2  
  44  3:56  Pylon  
  44  3:58  Probe x2  
  46  4:03  Assimilator  
  46  4:05  Assimilator  
  46  4:10  Pylon  
  46  4:14  Probe x2  
  48  4:19  Pylon  
  48  4:26  Probe x2  
  50  4:38  Probe x2  
  50  4:41  Dark Templar  
  50  4:42  Dark Templar x2  
  50  4:43  Dark Templar  
  60  4:46  Observer, Pylon  
  60  4:56  Probe  
  58  5:14  Warp Prism  
  56  5:17  Nexus  
  56  5:18  Probe x2  
  56  5:19  Shield Battery  
  56  5:27  Dark Templar x3  
  58  5:30  Probe x2  
  58  5:35  Pylon  
  60  5:36  Dark Templar  
  60  5:42  Immortal, Probe, Archon x2  
  63  5:45  Forge  
  63  5:55  Pylon  
  69  6:05  Adept  
  67  6:11  Adept  
  67  6:18  Dark Templar  
  70  6:19  Probe x2  
  70  6:24  Stalker  
  74  6:28  Immortal  
  74  6:30  Probe  
  74  6:31  Probe  
  75  6:36  Probe  
  80  6:43  Probe x2  
  81  6:51  Sentry  
  81  6:52  Zealot x3  
  90  7:00  Gateway  
  90  7:01  Gateway  
  89  7:04  Shield Battery, Photon Cannon  
  89  7:12  Zealot x2  
  93  7:16  Pylon  
  93  7:29  Gateway  
  79  7:46  Dark Templar x4  
  74  7:52  Archon  
  74  7:57  Zealot x2  
Show
View Real Time Build Order
Export as new Build Order

Serral Zerg - Winner!

Build Orders: Hatch First 

Get SALT Encoding   

  12  0:00  Drone  
  13  0:12  Overlord  
  13  0:17  Drone  
  14  0:30  Drone x2  
  16  0:46  Drone  
  17  0:53  Hatchery  
  17  0:55  Drone  
  17  0:59  Drone  
  18  1:07  Extractor  
  17  1:15  Spawning Pool  
  17  1:18  Drone  
  17  1:20  Drone  
  18  1:28  Drone  
  19  1:40  Overlord  
  19  1:49  Drone  
  20  2:01  Queen  
  20  2:03  Zergling x2  
  20  2:06  Queen  
  25  2:08  Zergling x2, Metabolic Boost  
  25  2:13  Drone  
  27  2:16  Drone  
  28  2:28  Zergling x2  
  29  2:33  Drone  
  30  2:38  Hatchery  
  29  2:46  Queen  
  29  2:51  Zergling x4  
  33  2:56  Overlord  
  33  3:00  Drone  
  33  3:02  Drone  
  33  3:04  Drone  
  36  3:12  Drone  
  36  3:15  Drone x4  
  39  3:21  Drone  
  39  3:22  Drone  
  41  3:32  Drone  
  41  3:34  Lair  
  42  3:37  Zergling x2  
  43  3:43  Drone, Roach Warren  
  43  3:44  Drone, Extractor  
  43  3:48  Zergling x2  
  44  3:51  Overlord  
  44  3:53  Drone  
  44  3:54  Drone  
  46  3:57  Drone  
  46  3:58  Drone  
  48  4:03  Drone x2  
  49  4:10  Extractor  
  49  4:11  Overlord  
  49  4:12  Drone x3  
  51  4:18  Queen  
  51  4:20  Overlord  
  53  4:25  Zergling x4  
  53  4:28  Roach  
  53  4:31  Roach  
  59  4:33  Roach  
  59  4:35  Overseer  
  59  4:37  Roach  
  59  4:38  Roach  
  65  4:39  Zergling x2  
  65  4:44  Roach x2  
  69  4:54  Drone x2  
  67  5:02  Drone x5  
  67  5:04  Drone  
  70  5:13  Drone x3  
  70  5:17  Glial Reconstitution  
  69  5:23  Drone x3  
  72  5:30  Drone  
  72  5:31  Extractor  
  72  5:34  Overseer  
  72  5:36  Overlord x3  
  72  5:40  Overlord x2  
  72  5:44  Overlord  
  72  5:55  Roach, Overlord  
  72  5:56  Roach x2  
  78  5:59  Roach  
  78  6:02  Roach x2, Nydus Network  
  83  6:08  Roach x2  
  83  6:09  Roach  
  89  6:15  Roach x3  
  94  6:21  Ravager x2  
  94  6:25  Roach x3  
  100  6:41  Roach x4  
  100  6:44  Zergling x18  
  117  6:53  Roach, Nydus Canal  
  117  6:54  Roach x2  
  119  6:55  Roach  
  119  6:58  Roach  
  113  7:09  Nydus Canal  
  113  7:11  Roach  
  113  7:12  Roach  
  99  7:25  Overseer  
  99  7:26  Roach  
  100  7:31  Zergling x4  
  100  7:35  Zergling x2  
  100  7:36  Zergling x2  
  102  7:43  Zergling x4  
  99  7:47  Roach  
  82  7:53  Roach  
  82  7:56  Roach  
Tags
 
Add a new tag
Caveats
  • Supply blocks, unpowered buildings, or Contaminate may cause inaccurate times.
  • Supply counts are checked every 10 seconds.